 Dungeon Crawl Stone Soup version 0.25.0-1-g7eea58d (webtiles) character file.

Game seed: 13228632118790523739

107 edsrzf the Poker (level 4, 0/35 HPs)
             Began as a Merfolk Fire Elementalist on June 17, 2020.
             Was a Follower of Cheibriados.
             Slain by an orc wizard
             ... wielding a +0 dagger
              (5 damage)
             ... on level 3 of the Dungeon.
             The game lasted 00:07:29 (2666 turns).

edsrzf the Poker (Merfolk Fire Elementalist)        Turns: 2666, Time: 00:07:30

Health: 0/35       AC:  5    Str:  9 (12) XL:     4   Next: 86%
Magic:  3/7        EV: 13    Int: 14 (17) God:    Cheibriados [*.....]
Gold:   124        SH:  0    Dex: 16 (17) Spells: 6/7 levels left

rFire    . . .     SeeInvis .   n - +1 spear
rCold    . . .     Gourm    .   (no shield)
rNeg     . . .     Faith    .   a - +0 robe
rPois    .         Spirit   .   i - +1 helmet
rElec    .         Reflect  .   (no cloak)
rCorr    .         Harm     .   k - +0 pair of gloves
MR       .....                  (no boots)
Stlth    ++........             (no amulet)
HPRegen  0.11/turn              (no ring)
MPRegen  0.10/turn              (no ring)

@: brilliant, very slightly contaminated, very slow
A: change form in water, swift swim, stealthy swim
a: Bend Time, Renounce Religion


You were on level 3 of the Dungeon.
You worshipped Cheibriados.
Cheibriados was aware of your devotion.
You were not hungry.

You visited 1 branch of the dungeon, and saw 3 of its levels.

You collected 124 gold pieces.

Inventory:

Hand Weapons
 n - a +1 spear (weapon)
Armour
 a - a +0 robe (worn)
 i - a +1 helmet (worn)
 k - a +0 pair of gloves (worn)
Scrolls
 b - 2 scrolls of random uselessness
 h - 2 scrolls of identify
Comestibles
 c - a ration


   Skills:
 - Level 3.3 Fighting
 + Level 4.1 Polearms
 - Level 2.6 Dodging
 - Level 2.1 Stealth
 - Level 2.0 Spellcasting
 - Level 0.7 Conjurations
 - Level 2.1 Fire Magic


You had 6 spell levels left.
You knew the following spells:

 Your Spells              Type           Power        Failure   Level  Hunger
a - Foxfire               Conj/Fire      #...         13%         1    None

Your spell library contained the following spells:

 Spells                   Type           Power        Failure   Level  Hunger
 Conjure Flame            Conj/Fire      #.......     36%         3    None
 Inner Flame              Hex/Fire       #.......     41%         3    None
 Sticky Flame             Conj/Fire      #.......     78%         4    None
 Fireball                 Conj/Fire      #.........   98%         5    None


Dungeon Overview and Level Annotations

Branches:
Dungeon (3/15)

Altars:
Cheibriados
Dithmenos
Trog
Uskayaw

Annotations:
D:2 exclusion: adder


Message History

The orc barely misses you.
Attack whom?
Press: ? - help, Dir - move target cursor, f/p - orc priest
Aim: an orc priest, wielding a +0 whip (almost dead)
You reach to attack!
You barely miss the orc priest.
The orc priest is almost dead.
The orc misses you.
Attack whom?
Press: ? - help, Dir - move target cursor, f/p - orc priest
Aim: an orc priest, wielding a +0 whip (almost dead)
The orc is in the way.
You hit the orc.
You kill the orc!
Cheibriados appreciates the change of pace.
The orc priest invokes the aid of Beogh against you.
Pain shoots through your body!
You hit the orc priest.
The orc priest is almost dead.
You closely miss the orc priest.
The orc priest is almost dead.
The orc priest barely misses you.
You hit the orc priest but do no damage.
The orc priest is almost dead.
The orc priest casts a cantrip, but nothing happens.
You hit the orc priest.
You kill the orc priest!
Cheibriados appreciates the change of pace.
Your Polearms skill increases to level 4!
Attack whom?
Press: ? - help, Dir - move target cursor You reach to attack!
You attack empty space.
Something hits you but does no damage.
Attack whom?
Press: ? - help, Dir - move target cursor, f - orc
Aim: an orc, wearing a +0 leather armour
Okay, then.
You closely miss something. Something hits you.
You miss something. Something hits you.
You hit something.
You hear some strange, mumbled words.
A magic dart appears from out of thin air!
The magic dart hits you.
It was a potion of cancellation.
You feel magically purged. Something hits you but does no damage.
It was a potion of curing.
You feel better. Something hits you.
You hit something but do no damage. Something hits you.
You completely miss something. Something hits you but does no damage.
You closely miss something. Something hits you but does no damage.
You hit something. You barely miss something. Something hits you.
* * * LOW HITPOINT WARNING * * *
It was a potion of degeneration.
There was something very wrong with that liquid.
You feel weakened.
You feel dopey.
You feel clumsy. Something hits you but does no damage.
It was a potion of brilliance.
You feel clever all of a sudden. Something hits you but does no damage.
You hit something but do no damage. Something hits you but does no damage.
You hit something but do no damage. Something hits you.
* * * LOW HITPOINT WARNING * * *
You barely miss something. Something barely misses you.
As you read the scroll labeled DYJENGIMEEXT, it crumbles to dust.
It is a scroll of identify.
b - 2 scrolls of random uselessness Something hits you but does no damage.
As you read the scroll labeled PULUEZ TUORI, it crumbles to dust.
It is a scroll of enchant weapon.
Your +0 spear glows red for a moment.
You hear some strange, mumbled words.
Something tries to affect you, but you resist.
Blink to where?
Press: ? - help, Dir - move target cursor You are very lightly contaminated with residual magic.
As you read the scroll labeled DUMEOSCHIHUM, it crumbles to dust.
It was a scroll of blinking.
Casting: Foxfire (safe; 13% risk of failure)
Confirm with . or Enter, or press ? or * to list all spells.
You feel a surge of power!
You conjure some foxfire!
Your foxfire dissipates!
The foxfire hits something but does no damage.
A magic dart appears from out of thin air!
The magic dart hits you.
* * * LOW HITPOINT WARNING * * *
Casting: Foxfire (safe; 13% risk of failure)
Confirm with . or Enter, or press ? or * to list all spells.
You feel a surge of power!
You conjure some foxfire!
Your foxfire dissipates!
The foxfire hits something but does no damage.
Casting: Foxfire (safe; 13% risk of failure)
Confirm with . or Enter, or press ? or * to list all spells.
You feel a surge of power!
You conjure some foxfire!
Your foxfire dissipates!
The foxfire hits something.
Casting: Foxfire (safe; 13% risk of failure)
Confirm with . or Enter, or press ? or * to list all spells.
You feel a surge of power!
You miscast Foxfire.
Nothing appears to happen.
Something barely misses you.
You barely miss something. Something hits you.
You die...

#..o... ....oo.
#[.o... #......
#......
#..[...#############
#...o){.......#
#.###########.######
#$#..@.o...........#
#.#.#########.####.#
#.#.........#.# #.#
#.#########.#.# #.#
#. #.#.# #.. #.
#.#.# #### #.#.. ..#
#.#######.#
####.......#.##


You could see an orc.

Vanquished Creatures
  An orc priest (D:3)
  Robin (D:3)
  An ooze (D:1)
  3 worms (D:2)
  2 leopard geckos (D:1)
  An orc (D:3)
  3 bats
  A giant cockroach (D:2)
  10 goblins
  10 hobgoblins
  3 jackals (D:3)
  2 frilled lizards
  3 kobolds (D:1)
  7 rats
48 creatures vanquished.

Vanquished Creatures (others)
  79 foxfires
79 creatures vanquished.

Grand Total: 127 creatures vanquished

Notes
Turn   | Place    | Note
-------+----------+-------------------------------------------
     0 | D:1      | edsrzf the Merfolk Fire Elementalist began the quest for
                  | the Orb.
     0 | D:1      | Reached XP level 1. HP: 13/13 MP: 3/3
   132 | D:1      | Reached skill level 1 in Fighting
   170 | D:1      | Reached XP level 2. HP: 22/22 MP: 1/5
   353 | D:1      | Reached skill level 2 in Fighting
   874 | D:1      | Reached skill level 3 in Fighting
   874 | D:1      | Reached XP level 3. HP: 17/29 MP: 3/6
  1488 | D:2      | Found a shadowy altar of Dithmenos.
  1704 | D:2      | Noticed a moth of wrath
  1707 | D:2      | Found a bloodstained altar of Trog.
  1937 | D:2      | Found a faded altar of an unknown god.
  2014 | D:2      | Reached skill level 1 in Polearms
  2349 | D:2      | Became a worshipper of Cheibriados the Contemplative
  2349 | D:2      | Reached * piety under Cheibriados
  2442 | D:3      | Reached skill level 2 in Polearms
  2448 | D:3      | Reached XP level 4. HP: 26/35 MP: 7/7
  2456 | D:3      | Noticed Robin
  2468 | D:3      | Identified a potion of magic
  2469 | D:3      | Identified a potion of ambrosia
  2485 | D:3      | Killed Robin
  2485 | D:3      | Reached skill level 3 in Polearms
  2515 | D:3      | Found a hide-covered altar of Uskayaw.
  2634 | D:3      | Reached skill level 4 in Polearms
  2639 | D:3      | Identified a potion of cancellation
  2640 | D:3      | Identified a potion of curing
  2646 | D:3      | Identified a potion of degeneration
  2647 | D:3      | Identified a potion of brilliance
  2651 | D:3      | Identified 3 scrolls of identify
  2651 | D:3      | Identified 2 scrolls of random uselessness
  2652 | D:3      | Identified a scroll of enchant weapon
  2653 | D:3      | Identified a scroll of blinking
  2666 | D:3      | Slain by an orc wizard

Illustrated notes

Levels and vault maps discovered:
D:1:      mainiacjoe_arrival_reflecting_pool, layout_basic, minmay_unequal
D:2:      layout_loops_ring, tgw_trog, nicolae_dithmenos_shadow_blocks,
          chequers_ecumenical_altar_grove
D:3:      layout_basic, overflow_temple_1_default, portal_sewer_entry_b,
          kennysheep_nondescript, minmay_misc_feat_tiny, uniq_robin

Skill      XL: |  1  2  3  4 |
---------------+-------------+-----
Fighting       | 1 3 |  3.3
Polearms       | 2 4 |  4.1
Dodging        | |  2.6
Stealth        | |  2.1
Spellcasting   | |  2.0
Conjurations   | |  0.7
Fire Magic     | |  2.1

Action                   |  1- 3 |  4- 6 || total
-------------------------+-------+-------++-------
Melee: Unarmed           |    32 |       ||    32
       Spear             |    57 |    70 ||   127
 Cast: Foxfire           |    44 |     4 ||    48
  Use: Potion            |       |     6 ||     6
       Scroll            |       |     3 ||     3
 Stab: Sleeping          |     2 |       ||     2
       Distracted        |       |     1 ||     1
  Eat: Chunk             |     6 |       ||     6
Armor: Robe              |    15 |    19 ||    34
Dodge: Dodged            |    49 |    35 ||    84
